[Event "Titled Tuesday Blitz January 17 Late 2023"]
[White "Cardoso Cardoso, Jose Gabriel"]
[Black "Petukhov, Dmitry"]
[WhiteFideId "4430492"]
[BlackFideId "4142748"]
[WhiteElo "2492"]
[BlackElo "2350"]
[Result "1-0"]
[Round "10"]
[TimeControl "180+2"]
[Date "2023.01.17"]
[WhiteClock "0:00:02"]
[BlackClock "0:00:03"]

1. Nf3 Nf6 2. c4 g6 3. Nc3 c6 4. d4 d5 5. cxd5 cxd5 6. Bf4 Nc6 7. e3 Bg7 8. Bd3 O-O 9. O-O Bf5 10. Be2 Ne4 11. Qb3 Nxc3 12. bxc3 Na5 13. Qb4 b6 14. Nd2 Rc8 15. c4 e5 16. dxe5 Nc6 17. Qa4 d4 18. Rfd1 dxe3 19. Bxe3 Nd4 20. Bxd4 Qxd4 21. Nf3 Qb2 22. Bf1 Bc2 23. Qxa7 Bxd1 24. Rxd1 Ra8 25. Qb7 Rab8 26. Qa7 Bxe5 27. Rd2 Qa1 28. g3 Bf6 29. Kg2 Qc3 30. a4 Qb4 31. Rd7 Qa5 32. Qxa5 bxa5 33. c5 Rb2 34. Bb5 Rc2 35. c6 Rd8 36. Nd4 Rd2 37. Nb3 Rb2 38. Nxa5 Re8 39. Nc4 Rc2 40. Nd6 Rd8 41. Rxd8+ Bxd8 42. Nb7 Bb6 43. Kf3 Bxf2 44. Ke4 f5+ 45. Kd3 Rc1 46. Bc4+ Kg7 47. c7 Rd1+ 48. Kc2 Rd4 49. c8=Q Be3 50. Qc7+ Kh6 51. Nc5 Rd2+ 52. Kc3 Rd1 53. Nd3 Bd2+ 54. Kc2 Ra1 55. Kxd2 f4 56. Qxf4+ Kh5 57. Qh4# 1-0


[Site "https://www.chess.com"]

[Event "Titled Tuesday Blitz January 17 Late 2023"]
[White "Mendez Fortes, Eduardo Jesus"]
[Black "Vlassov, Nikolai"]
[WhiteFideId "3502376"]
[BlackFideId "4103360"]
[WhiteElo "2250"]
[BlackElo "2283"]
[Result "0-1"]
[Round "10"]
[TimeControl "180+2"]
[Date "2023.01.17"]
[WhiteClock "0:00:09"]
[BlackClock "0:01:42"]

1. e4 c5 2. Nf3 d6 3. d4 cxd4 4. Nxd4 Nf6 5. Nc3 g6 6. f3 a6 7. Be3 b5 8. Qd2 Bb7 9. O-O-O Nbd7 10. Kb1 Rc8 11. g4 Ne5 12. g5 Nfd7 13. f4 Nc4 14. Bxc4 Rxc4 15. Rhe1 Bg7 16. f5 O-O 17. b3 Rc8 18. Nd5 Nc5 19. Qg2 e6 20. f6 exd5 21. fxg7 Re8 22. exd5 Ne4 23. Ne2 Qa5 24. Bd4 Bxd5 25. Qf1 Nd2+ 26. Rxd2 Qxd2 27. Qf2 Rxc2 28. Nc1 Rxe1 0-1


[Site "https://www.chess.com"]

[Event "Titled Tuesday Blitz January 17 Late 2023"]
[White "Przybylski, Wojciech"]
[Black "Skvortsov, Andrei"]
[WhiteFideId "1117599"]
[BlackFideId "24108600"]
[WhiteElo "2321"]
[BlackElo "2313"]
[Result "1-0"]
[Round "10"]
[TimeControl "180+2"]
[Date "2023.01.17"]
[WhiteClock "0:00:03"]
[BlackClock "0:00:07"]

1. e4 c6 2. d4 d5 3. e5 Bf5 4. c4 e6 5. Nc3 Ne7 6. a3 dxc4 7. Bxc4 Nd7 8. Nge2 Nb6 9. Ba2 Ned5 10. O-O Be7 11. Ng3 Bg6 12. Nce4 O-O 13. f4 Qd7 14. Nc5 Qc8 15. Bd2 Rd8 16. Qe2 Bxc5 17. dxc5 Na4 18. Bxd5 Rxd5 19. b4 Bd3 20. Qg4 Bg6 21. Rf2 Qd7 22. Be3 Rd3 23. Re1 Rd8 24. h4 Rd1 25. Rff1 Rxe1 26. Rxe1 Qd3 27. h5 Bf5 28. Qg5 h6 29. Qe7 Qd7 30. Nxf5 exf5 31. Qxd7 Rxd7 32. g4 fxg4 33. f5 Nc3 34. e6 fxe6 35. fxe6 Re7 36. Bf4 Nd5 37. Bd6 Re8 38. Kf2 Nf6 39. Kg3 Nxh5+ 40. Kxg4 g6 41. a4 Ng7 42. e7 Nf5 43. Re2 a6 44. b5 axb5 45. axb5 Kf7 46. b6 Nxe7 47. Ra2 Nc8 48. Bc7 Re4+ 49. Kf3 Re8 50. Ra7 Ke6 51. Rxb7 Kd5 52. Bf4 g5 53. Be3 g4+ 54. Ke2 g3 55. Rg7 Ne7 56. Rxg3 Nf5 57. Rh3 Nd4+ 58. Kd3 Nf5 59. Rf3 Ne7 60. Bd4 h5 61. Re3 h4 62. Re5# 1-0


[Site "https://www.chess.com"]

[Event "Titled Tuesday Blitz January 17 Late 2023"]
[White "Di Berardino, Diego Rafael"]
[Black "TheKnightOfBosnia"]
[WhiteFideId "2105446"]
[WhiteElo "2479"]
[BlackElo "2530"]
[Result "1-0"]
[Round "10"]
[TimeControl "180+2"]
[Date "2023.01.17"]
[WhiteClock "0:00:10"]
[BlackClock "0:00:02"]

1. e4 e5 2. Nf3 Nc6 3. Bc4 Nf6 4. Ng5 d5 5. exd5 b5 6. Bxb5 Qxd5 7. Bxc6+ Qxc6 8. O-O Bb7 9. f3 h6 10. Nh3 Bc5+ 11. Kh1 O-O 12. d3 Nd5 13. Nc3 Ne3 14. Bxe3 Bxe3 15. Qe2 Bd4 16. Rae1 Rfe8 17. Nf2 Bxc3 18. bxc3 Qxc3 19. Ne4 Bxe4 20. fxe4 Re6 21. Rf2 Rb8 22. Ref1 Rb2 23. Rxf7 Rg6 24. R7f2 Rxa2 25. h4 Ra1 26. Qh5 Kh7 27. Qf5 h5 28. Qxh5+ Rh6 29. Qf5+ Kg8 30. h5 Rxf1+ 31. Rxf1 Qxc2 32. Rf3 Qc1+ 33. Kh2 Qc6 34. Qxe5 a6 35. Rg3 Qf6 36. Qxf6 Rxf6 37. Rg5 Rd6 38. Ra5 Rxd3 39. Rxa6 Rd4 40. Re6 Kf7 41. Re5 c5 42. Kg3 c4 43. Kf4 Rd2 44. g4 c3 45. Rc5 c2 46. g5 Rh2 47. g6+ Kf8 48. e5 Ke7 49. Rc7+ Ke6 50. Rc6+ Kd5 51. Rc8 Rxh5 52. Rxc2 Rh4+ 53. Kf5 Rh5+ 54. Kf4 Rh4+ 55. Kg5 Rh2 56. Rxh2 Kxe5 57. Rh7 Ke6 58. Rxg7 1-0


[Site "https://www.chess.com"]

[Event "Titled Tuesday Blitz January 17 Late 2023"]
[White "Chor, Kevin"]
[Black "Sukandar, Irine Kharisma"]
[WhiteFideId "2090740"]
[BlackFideId "7101937"]
[WhiteElo "1944"]
[BlackElo "2390"]
[Result "0-1"]
[Round "10"]
[TimeControl "180+2"]
[Date "2023.01.17"]
[WhiteClock "0:00:24"]
[BlackClock "0:01:01"]

1. e4 c5 2. Nf3 Nc6 3. d4 cxd4 4. Nxd4 e5 5. Nb5 d6 6. N1c3 a6 7. Na3 Be6 8. Nd5 Nf6 9. Bg5 Bxd5 10. exd5 Qa5+ 11. Bd2 Qxd5 12. Nc4 Be7 13. Qe2 Nd4 14. Qd3 Rc8 15. c3 Ne6 16. Nb6 Qxd3 17. Bxd3 Rd8 18. O-O-O d5 19. Rhe1 e4 20. Be2 O-O 21. Be3 Bc5 22. Bxc5 Nxc5 23. f3 h6 24. b4 Ne6 25. fxe4 dxe4 26. Kc2 Nf4 27. Bf1 Rfe8 28. g3 N4d5 29. Nc4 b5 30. Ne3 Nxe3+ 31. Rxe3 Rxd1 32. Kxd1 Nd5 33. Re1 Nxc3+ 34. Kc2 Nd5 35. Kb3 e3 36. a4 bxa4+ 37. Kxa4 e2 38. Bg2 Nc3+ 39. Kb3 Nb5 40. Bb7 Re6 41. Kc4 Nd6+ 0-1


[Site "https://www.chess.com"]

[Event "Titled Tuesday Blitz January 17 Late 2023"]
[White "Hajiyev, Kanan"]
[Black "Aggelis, Nikolaos"]
[WhiteFideId "13404148"]
[BlackFideId "4213220"]
[WhiteElo "2197"]
[BlackElo "2270"]
[Result "0-1"]
[Round "10"]
[TimeControl "180+2"]
[Date "2023.01.17"]
[WhiteClock "0:00:04"]
[BlackClock "0:00:29"]

1. d4 Nf6 2. Nf3 g6 3. c4 Bg7 4. g3 O-O 5. Bg2 d5 6. O-O Nc6 7. b3 a5 8. Nc3 Bf5 9. Bb2 Nb4 10. a3 Na6 11. cxd5 Nxd5 12. Nxd5 Qxd5 13. Ne5 Qb5 14. a4 Qb6 15. e4 Bc8 16. Nc4 Qa7 17. Nxa5 Rd8 18. e5 c5 19. d5 Be6 20. Qd2 Nb4 21. Nxb7 Rxd5 22. Bxd5 Bxd5 23. Nxc5 Qxc5 24. Ba3 Rb8 25. Rac1 Qa5 26. Bxb4 Qxb4 27. Rc8+ Bf8 28. Qxb4 Rxb4 29. Rd1 e6 30. Rd3 Kg7 31. a5 Bxb3 32. a6 Bc4 33. Rdd8 Bxa6 34. Rxf8 Bxc8 35. Rxc8 g5 36. Rc5 Kg6 37. Kg2 Kf5 38. Rc7 Kg6 39. Rc5 Re4 40. Kf3 Kf5 41. Rc7 g4+ 42. Kg2 Kg6 43. Rc5 h5 44. h4 Re1 45. f4 Re2+ 46. Kf1 Ra2 47. Ke1 Rb2 48. Kf1 Ra2 49. Rc8 Kf5 50. Rd8 Ke4 51. Rf8 Kf3 52. Ke1 Kxg3 53. Rxf7 Ra4 54. f5 Re4+ 55. Kd2 Rxe5 56. fxe6 Rxe6 57. Rh7 Kxh4 0-1


[Site "https://www.chess.com"]

[Event "Titled Tuesday Blitz January 17 Late 2023"]
[White "Sreyas Payyappat"]
[Black "Sielecki, Christof"]
[WhiteFideId "46674969"]
[BlackFideId "4620437"]
[WhiteElo "2076"]
[BlackElo "2419"]
[Result "1/2-1/2"]
[Round "10"]
[TimeControl "180+2"]
[Date "2023.01.17"]
[WhiteClock "0:00:23"]
[BlackClock "0:00:39"]

1. e4 c5 2. Nf3 a6 3. d4 cxd4 4. Nxd4 Nf6 5. Nc3 e5 6. Nb3 Bb4 7. Bc4 Bxc3+ 8. bxc3 Qc7 9. Qd3 b5 10. Bd5 Nxd5 11. exd5 d6 12. O-O O-O 13. Ba3 Nd7 14. f4 Bb7 15. Rae1 Rfe8 16. Qf3 f6 17. Nd2 Nb6 18. Ne4 Bxd5 19. Bxd6 Bxe4 20. Bxc7 Bxf3 21. Bxb6 Bd5 22. fxe5 fxe5 23. Rf5 Bxa2 24. Rfxe5 Rxe5 25. Rxe5 a5 26. Rxb5 a4 27. Ra5 Rxa5 28. Bxa5 Bb1 29. Bb4 Bxc2 30. Kf2 Kf7 31. Ke3 Ke6 32. Kd4 Kd7 33. c4 g6 34. Kd5 Bb3 35. Kc5 Ba2 36. Kb5 Bb3 37. c5 Bd5 38. Kxa4 Bxg2 39. Kb5 Bc6+ 40. Kb6 Bd5 41. Bd2 Bc6 42. Bg5 Bd5 43. Kb5 Bc6+ 44. Kc4 Ke6 45. Kd4 Kf5 46. Bd8 g5 47. Bc7 h5 48. Bb8 h4 49. Bd6 g4 50. Kc4 g3 51. hxg3 h3 52. g4+ Kxg4 53. Kb4 Kf3 54. Ka5 Kg2 55. Kb6 Be4 56. c6 Bxc6 57. Kxc6 h2 58. Bxh2 1/2-1/2


[Site "https://www.chess.com"]

[Event "Titled Tuesday Blitz January 17 Late 2023"]
[White "Rodrigues, Tiago Pereira"]
[Black "Estrada Nieto, Julian"]
[WhiteFideId "2101203"]
[BlackFideId "5101018"]
[WhiteElo "2155"]
[BlackElo "2215"]
[Result "1-0"]
[Round "10"]
[TimeControl "180+2"]
[Date "2023.01.17"]
[WhiteClock "0:00:07"]
[BlackClock "0:00:01"]

1. d4 d5 2. Bf4 Nf6 3. e3 c5 4. c3 Nc6 5. Nd2 e6 6. h3 h6 7. Ngf3 Bd6 8. Ne5 O-O 9. Bd3 cxd4 10. exd4 Bxe5 11. dxe5 Nd7 12. Nf3 f6 13. exf6 Qxf6 14. Bg3 e5 15. Bb5 d4 16. cxd4 Nxd4 17. Nxd4 exd4 18. O-O a6 19. Bc4+ Kh8 20. Re1 Nb6 21. Bb3 Bd7 22. Re4 d3 23. Re5 Rae8 24. Rxe8 Rxe8 25. Qxd3 Qxb2 26. Rd1 Bb5 27. Qd6 Nc4 28. Qc7 Qe2 29. Kh2 Bc6 30. Rd8 Rxd8 31. Qxd8+ Kh7 32. Bd1 Qd2 33. Qxd2 Nxd2 34. Bd6 Ne4 35. Bg3 Nc3 36. Bb3 Bd5 37. Bxd5 Nxd5 38. Bd6 Kg6 39. Kg3 Kf5 40. Bc5 Ke4 41. Bf8 g6 42. Bxh6 Nc3 43. a3 b5 44. Bf8 Ne2+ 45. Kg4 a5 46. f3+ Ke3 47. Bc5+ Kd3 48. h4 Nc3 49. h5 Kc4 50. Bd6 gxh5+ 51. Kxh5 Nd5 52. g4 Ne3 53. Kg5 Kd5 54. Bf8 1-0


[Site "https://www.chess.com"]

[Event "Titled Tuesday Blitz January 17 Late 2023"]
[White "Gurevich, Dmitry"]
[Black "Fernandez Garcia, Gumersindo"]
[WhiteFideId "2000407"]
[BlackFideId "24516740"]
[WhiteElo "2393"]
[BlackElo "2160"]
[Result "1-0"]
[Round "10"]
[TimeControl "180+2"]
[Date "2023.01.17"]
[WhiteClock "0:00:13"]
[BlackClock "0:00:37"]

1. d4 Nf6 2. c4 e6 3. Nc3 d5 4. Nf3 Be7 5. g3 O-O 6. Bg2 b6 7. cxd5 exd5 8. O-O c5 9. Bf4 Nc6 10. dxc5 bxc5 11. Ne5 Nxe5 12. Bxe5 Be6 13. Bxf6 Bxf6 14. Nxd5 Bxb2 15. Rb1 Bd4 16. Nf4 Bxa2 17. Bxa8 Qxa8 18. Rc1 Rc8 19. Qa4 Bd5 20. Nxd5 Qxd5 21. Qxa7 h5 22. e3 Bf6 23. Rfd1 Qf5 24. Qa6 h4 25. Rd5 Qg4 26. Rc4 Qh3 27. Rdxc5 Rf8 28. Rc8 g6 29. Rxf8+ Kxf8 30. Qc8+ Qxc8 31. Rxc8+ Kg7 32. Kg2 hxg3 33. hxg3 Bg5 34. f4 Bf6 35. e4 Ba1 36. e5 Bb2 37. Kf3 Bd4 38. Ke4 Bf2 39. g4 Bg3 40. f5 gxf5+ 41. gxf5 Bh2 42. f6+ Kh7 43. Rf8 Kg6 44. Rg8+ Kh7 45. Rg7+ Kh8 46. Rxf7 Kg8 47. Re7 Bg3 48. Kf5 Bf2 49. Kg6 Bc5 50. Re8+ Bf8 51. Ra8 Kh8 52. Rxf8# 1-0


[Site "https://www.chess.com"]

[Event "Titled Tuesday Blitz January 17 Late 2023"]
[White "Vaglio Munoz, Jaime"]
[Black "Karttunen, Mika"]
[WhiteFideId "6500145"]
[BlackFideId "502081"]
[WhiteElo "2174"]
[BlackElo "2490"]
[Result "1-0"]
[Round "10"]
[TimeControl "180+2"]
[Date "2023.01.17"]
[WhiteClock "0:01:01"]
[BlackClock "0:00:05"]

1. d4 Nf6 2. c4 g6 3. f3 Bg7 4. e4 d6 5. g4 c5 6. d5 b5 7. cxb5 a6 8. a4 Nbd7 9. Nc3 O-O 10. h4 Ne5 11. h5 e6 12. h6 Bh8 13. g5 Ne8 14. f4 Nd7 15. dxe6 fxe6 16. Bh3 Nb6 17. a5 Nc4 18. b6 d5 19. Qe2 Bxc3+ 20. bxc3 Ned6 21. exd5 exd5 22. Be6+ Bxe6 23. Qxe6+ Nf7 24. Ne2 Re8 25. Qg4 Re4 26. O-O Nfd6 27. Ng3 Re7 28. f5 Qd7 29. Ra2 Rf8 30. Raf2 Ne5 31. Qd1 Nxf5 32. Nxf5 gxf5 33. Bf4 Ng6 34. Rd2 d4 35. Qb3+ Qe6 36. Qxe6+ Rxe6 37. cxd4 Nxf4 38. dxc5 Ng6 39. Rfd1 Rc6 40. Rd8 Rxc5 41. b7 Rb5 42. R1d7 f4 43. Rg7+ Kh8 44. Rdd7 Rb8 45. Rxh7+ Kg8 46. Rdg7+ Kf8 47. Rxg6 R5xb7 48. Rh8+ Kf7 49. Rg7+ Ke6 50. Rxb8 Rxb8 51. h7 f3 52. Rg8 Rb1+ 53. Kf2 1-0


[Site "https://www.chess.com"]

[Event "Titled Tuesday Blitz January 17 Late 2023"]
[White "Kostiukov, Alexandr"]
[Black "Al-Tarboush, Ward"]
[WhiteFideId "14108100"]
[BlackFideId "7601450"]
[WhiteElo "2271"]
[BlackElo "2256"]
[Result "0-1"]
[Round "10"]
[TimeControl "180+2"]
[Date "2023.01.17"]
[WhiteClock "0:00:24"]
[BlackClock "0:02:17"]

1. g3 d5 2. Bg2 e5 3. c4 d4 4. d3 Nf6 5. Nf3 Nc6 6. O-O Bd6 7. e3 O-O 8. exd4 exd4 9. Ng5 Bf5 10. Nd2 Bxd3 11. Re1 Nb4 12. Nde4 Nxe4 13. Nxe4 Re8 14. a3 Nc2 15. Qxd3 Nxe1 16. Qxd4 Nc2 17. Qd3 Nxa1 18. Bg5 f6 19. Be3 Be5 20. Qb1 Nb3 21. h4 Nd4 22. f4 Nf5 23. Bf2 Bd4 24. Qc2 Bxf2+ 25. Nxf2 Nxg3 26. Kh2 Re2 27. Qb3 Rxf2 28. Kxg3 Qd2 29. c5+ Kh8 30. Qxb7 Qxf4+ 31. Kh3 Re8 0-1


[Site "https://www.chess.com"]

[Event "Titled Tuesday Blitz January 17 Late 2023"]
[White "Van Dael, Siem"]
[Black "Musovic, Armin"]
[WhiteFideId "1049771"]
[BlackFideId "939935"]
[WhiteElo "2319"]
[BlackElo "2261"]
[Result "1/2-1/2"]
[Round "10"]
[TimeControl "180+2"]
[Date "2023.01.17"]
[WhiteClock "0:00:07"]
[BlackClock "0:00:28"]

1. e4 c6 2. d4 d5 3. e5 c5 4. dxc5 e6 5. a3 Nc6 6. f4 Bxc5 7. b4 Bb6 8. Qg4 Kf8 9. Bb2 Nh6 10. Qd1 Nf5 11. Nf3 Bd7 12. Bd3 Ne3 13. Qd2 Rc8 14. a4 Nxb4 15. Qxb4+ Kg8 16. a5 Nxg2+ 17. Kf1 Bc5 18. Qd2 Nh4 19. Qe2 Bc6 20. Nbd2 Ng6 21. Bxg6 hxg6 22. h4 Be7 23. Nd4 Be8 24. a6 b5 25. N2f3 b4 26. Ng5 Qb6 27. Kg2 Rc4 28. Qd3 Rh5 29. Ngf3 Bc5 30. Rhd1 Bd7 31. Kg3 Be8 32. Rd2 Be7 33. Rh2 Bd7 34. Nd2 Rc8 35. N2b3 Kh7 36. Nf3 f6 37. Bd4 Qb8 38. exf6 gxf6 39. Re1 Bb5 40. Qd2 Bd7 41. Qd3 Qc7 42. Ree2 Qc4 43. Qxc4 dxc4 44. Nbd2 Bb5 45. Ne4 Kg7 46. Nfg5 Rc6 47. Nf3 Kf7 48. Re1 Bxa6 49. Ned2 b3 50. cxb3 c3 51. Nc4 Bxc4 52. bxc4 Rxc4 53. Rc1 a5 54. Rxc3 Rxc3 55. Bxc3 a4 56. Ra2 a3 57. Bd4 Rb5 58. Kg4 Rb3 59. Kg3 Bd6 60. Kg4 Rd3 61. Kg3 Ke7 62. Bf2 e5 63. fxe5 Bxe5+ 64. Kg2 Bb2 65. Bc5+ Ke6 66. Kf2 Kd5 67. Bb4 Kc4 68. Bxa3 Bxa3 69. Re2 Bc5+ 70. Kg2 Kd5 71. Re8 Re3 72. Rxe3 Bxe3 73. Kg3 Ke4 74. Kg4 f5+ 75. Kg3 Bf4+ 76. Kg2 Bh6 77. Kg3 Bf4+ 78. Kg2 Bc7 79. Ng5+ Ke5 80. Kf3 Bd8 81. Nf7+ Kf6 82. Nxd8 g5 83. h5 Kg7 84. Ne6+ Kh6 85. Kg3 Kxh5 86. Kf3 Kh4 87. Nxg5 Kxg5 88. Kg3 f4+ 89. Kf3 Kf5 90. Kf2 Kg4 91. Kg2 f3+ 92. Kf2 Kf4 93. Kf1 Ke3 94. Ke1 f2+ 95. Kf1 Kd2 96. Kxf2 1/2-1/2


[Site "https://www.chess.com"]

[Event "Titled Tuesday Blitz January 17 Late 2023"]
[White "Milikow, Yoav"]
[Black "Slovineanu, Viacheslav"]
[WhiteFideId "2822237"]
[BlackFideId "13900510"]
[WhiteElo "2394"]
[BlackElo "2412"]
[Result "1-0"]
[Round "10"]
[TimeControl "180+2"]
[Date "2023.01.17"]
[WhiteClock "0:02:05"]
[BlackClock "0:00:02"]

1. d4 Nf6 2. c4 e6 3. Nc3 d5 4. e3 c5 5. Nf3 cxd4 6. Nxd4 Be7 7. cxd5 Nxd5 8. Be2 Nxc3 9. bxc3 O-O 10. O-O Bd7 11. Bb2 Nc6 12. Rb1 b6 13. c4 Bf6 14. Ba3 Nxd4 15. exd4 Re8 16. Qd3 g6 17. Rfc1 e5 18. dxe5 Bxe5 19. Bf3 Bf5 20. Qf1 Bxb1 21. Bxa8 Qxa8 22. Rxb1 Qe4 23. c5 Bd4 24. cxb6 Bxb6 25. Bb2 Qc2 26. Ba1 Re2 27. Rc1 Rxf2 28. Rxc2 Rxc2+ 29. Kh1 Be3 30. Bb2 Rxb2 31. g3 Rc2 32. Qd3 Rc1+ 33. Kg2 Bb6 34. a4 h5 35. Qd2 Rg1+ 36. Kh3 Ra1 37. Qc2 Re1 38. Qc3 1-0


[Site "https://www.chess.com"]

[Event "Titled Tuesday Blitz January 17 Late 2023"]
[White "Kavutskiy, Konstantin"]
[Black "Andrews, Todd"]
[WhiteFideId "2026384"]
[BlackFideId "2012456"]
[WhiteElo "2414"]
[BlackElo "2220"]
[Result "1/2-1/2"]
[Round "10"]
[TimeControl "180+2"]
[Date "2023.01.17"]
[WhiteClock "0:00:09"]
[BlackClock "0:00:10"]

1. d4 c5 2. d5 g6 3. c4 b5 4. e4 bxc4 5. Bxc4 Bg7 6. Nf3 d6 7. O-O Nf6 8. Nc3 O-O 9. h3 Nbd7 10. Re1 Nb6 11. Bf1 a5 12. Bf4 a4 13. a3 Ba6 14. Bxa6 Rxa6 15. Qd3 c4 16. Qc2 Nfd7 17. Be3 Qc8 18. Nd4 Ne5 19. f4 Nd3 20. Nc6 Nxe1 21. Nxe7+ Kh8 22. Rxe1 Qd7 23. Nc6 f5 24. e5 Nxd5 25. Nxd5 Rxc6 26. Qxa4 dxe5 27. Nb6 Qe6 28. Qb4 Rb8 29. Qa5 Rcxb6 30. fxe5 Rxb2 31. Bd4 Ra2 32. Qa7 Re8 33. Qc5 h5 34. Kh2 f4 35. Kg1 f3 36. gxf3 Qxh3 37. Bf2 Qxf3 38. Rf1 Qg4+ 39. Kh1 Qh3+ 40. Kg1 Rxa3 41. Qc6 Rf8 42. e6 Qg4+ 43. Qg2 Qxe6 44. Re1 Qf5 45. Bc5 Raa8 46. Bxf8 Rxf8 47. Rd1 Qc5+ 48. Kh1 Qf5 49. Kg1 Qf3 50. Qd2 Qg3+ 51. Kh1 Rf2 52. Qxf2 Qxf2 53. Rd8+ Kh7 54. Rh8+ Bxh8 1/2-1/2


[Site "https://www.chess.com"]

[Event "Titled Tuesday Blitz January 17 Late 2023"]
[White "reevecanada"]
[Black "Korchmar, Vasiliy"]
[BlackFideId "24131750"]
[WhiteElo "2474"]
[BlackElo "2438"]
[Result "0-1"]
[Round "10"]
[TimeControl "180+2"]
[Date "2023.01.17"]
[WhiteClock "0:00:12"]
[BlackClock "0:00:09"]

1. e4 e6 2. Nf3 d5 3. Nc3 d4 4. Ne2 c5 5. d3 Nc6 6. g3 g6 7. Bg2 Bg7 8. h4 h6 9. h5 g5 10. Bd2 Nge7 11. Nh2 O-O 12. f4 gxf4 13. gxf4 f5 14. e5 Nd5 15. Nf3 Bd7 16. Nh4 Nce7 17. Bf3 Bc6 18. Ng3 Kh7 19. Qe2 b5 20. Ng6 Rg8 21. O-O-O b4 22. Rhg1 Qa5 23. Nxe7 Qxa2 24. Bxb4 Nxe7 25. Bxc5 Qa1+ 26. Kd2 Qxb2 27. Bxe7 Qc3+ 28. Kc1 Qa1+ 29. Kd2 Qc3+ 30. Kc1 Rab8 31. Qe1 Bxf3 32. Qxc3 dxc3 33. Rde1 Bg4 34. Ne2 Rgc8 35. Nd4 Rb2 36. Bd6 Bf8 37. Rg2 a5 38. Reg1 a4 39. Rxg4 fxg4 40. Rxg4 Bxd6 41. exd6 a3 42. Kd1 a2 43. Ke2 a1=Q 44. Rg6 Qc1 45. Kf3 Rxc2 46. Nxe6 Qf1+ 47. Ke4 Re2+ 48. Kf5 Rxe6 49. Kxe6 Qe2+ 50. Kf7 Qe8+ 51. Kf6 Qxg6+ 52. hxg6+ Kg8 53. d7 Rd8 54. Ke7 Rxd7+ 55. Kxd7 c2 56. f5 c1=Q 57. f6 Qe3 58. d4 Qxd4+ 59. Ke6 Qe4+ 60. Kd7 Qxg6 61. Ke7 Qf7+ 62. Kd6 Qxf6+ 63. Kd7 Kf7 64. Kc7 Ke7 65. Kb7 Kd7 66. Ka7 Kc7 67. Ka8 Qa6# 0-1


[Site "https://www.chess.com"]

[Event "Titled Tuesday Blitz January 17 Late 2023"]
[White "Prado Lobo, Jonas"]
[Black "Radovanovic, Dusan"]
[WhiteFideId "32050666"]
[BlackFideId "926868"]
[WhiteElo "2313"]
[BlackElo "2311"]
[Result "1-0"]
[Round "10"]
[TimeControl "180+2"]
[Date "2023.01.17"]
[WhiteClock "0:00:19"]
[BlackClock "0:00:05"]

1. Nf3 Nf6 2. c4 g6 3. d4 Bg7 4. g3 O-O 5. Bg2 d6 6. O-O Nc6 7. Nc3 e5 8. dxe5 dxe5 9. Bg5 Be6 10. Qa4 Qc8 11. Rfd1 Nd7 12. Nd2 Nc5 13. Qa3 Nd7 14. Nde4 h6 15. Be3 f5 16. Nc5 Nxc5 17. Qxc5 e4 18. Bf4 g5 19. Bc1 Qe8 20. Nd5 Qf7 21. Rb1 Rae8 22. b4 Ne5 23. Bb2 c6 24. Ne3 Nxc4 25. Bxg7 Kxg7 26. Qxa7 Nxe3 27. Qxe3 Bxa2 28. Ra1 Bd5 29. b5 Kg8 30. bxc6 Bxc6 31. Qc5 f4 32. g4 Qe7 33. Qb6 Rd8 34. e3 f3 35. Bf1 Rd7 36. Bc4+ Kh7 37. Qa5 h5 38. gxh5 Rxd1+ 39. Rxd1 g4 40. Rd4 Qf6 41. Qc7+ Kh6 42. Rd6 1-0


[Site "https://www.chess.com"]

[Event "Titled Tuesday Blitz January 17 Late 2023"]
[White "Vega Gutierrez, Sabrina"]
[Black "Ibadov, Dashgyn"]
[WhiteFideId "2219026"]
[BlackFideId "24107514"]
[WhiteElo "2377"]
[BlackElo "2391"]
[Result "1-0"]
[Round "10"]
[TimeControl "180+2"]
[Date "2023.01.17"]
[WhiteClock "0:00:33"]
[BlackClock "0:00:03"]

1. e4 e5 2. Nf3 Nc6 3. Nc3 Nf6 4. g3 d5 5. exd5 Nxd5 6. Bg2 Nxc3 7. bxc3 Bc5 8. O-O O-O 9. d3 Bg4 10. h3 Be6 11. Re1 Qd6 12. Ng5 Bd5 13. Qh5 h6 14. Ne4 Bxe4 15. Bxe4 f5 16. Bg2 f4 17. gxf4 exf4 18. d4 Bb6 19. a4 f3 20. Bxf3 Qf6 21. Bd5+ Kh8 22. Be3 Ne7 23. Be4 c6 24. Kh1 Bc7 25. Rg1 Rae8 26. Rg4 Qd6 27. Bf4 Rxf4 28. Qxe8+ Ng8 29. Qg6 Qxg6 30. Bxg6 Rxf2 31. Rg2 Rf3 32. Re1 Rxh3+ 33. Kg1 Nf6 34. Re7 Bf4 35. Rxb7 1-0


[Site "https://www.chess.com"]

[Event "Titled Tuesday Blitz January 17 Late 2023"]
[White "Berezin, Viktor"]
[Black "Garcia Almaguer, Juan Manuel"]
[WhiteFideId "14107872"]
[BlackFideId "5110491"]
[WhiteElo "2307"]
[BlackElo "2090"]
[Result "1-0"]
[Round "10"]
[TimeControl "180+2"]
[Date "2023.01.17"]
[WhiteClock "0:00:50"]
[BlackClock "0:01:12"]

1. d4 Nf6 2. c4 e6 3. Nf3 Bb4+ 4. Nbd2 O-O 5. g3 d5 6. Bg2 dxc4 7. O-O Bxd2 8. Bxd2 c6 9. Bf4 Nd5 10. Rc1 Nxf4 11. gxf4 b5 12. a4 a6 13. b3 Qd6 14. e3 cxb3 15. Qxb3 Bb7 16. Ne5 f6 17. Nd3 Nd7 18. f5 Rfe8 19. fxe6 Qxe6 20. Qxe6+ Rxe6 21. d5 cxd5 22. Rc7 Rb8 23. Rxd7 Bc6 24. Ra7 d4 25. Bxc6 Rxc6 26. axb5 axb5 27. exd4 Rd8 28. Re1 Rcd6 29. Ree7 Rxd4 30. Rxg7+ Kh8 31. Rxh7+ Kg8 32. Rag7+ Kf8 33. Nc5 1-0


[Site "https://www.chess.com"]

[Event "Titled Tuesday Blitz January 17 Late 2023"]
[White "Golubev, Mikhail"]
[Black "Chernomordik, Pavel"]
[WhiteFideId "14100983"]
[BlackFideId "2804530"]
[WhiteElo "2461"]
[BlackElo "2150"]
[Result "1-0"]
[Round "10"]
[TimeControl "180+2"]
[Date "2023.01.17"]
[WhiteClock "0:00:04"]
[BlackClock "0:00:02"]

1. e4 g6 2. d4 Bg7 3. Nc3 d6 4. Nf3 a6 5. a4 b6 6. h3 e6 7. Be3 Bb7 8. Bd3 Nd7 9. Qd2 c5 10. d5 e5 11. g4 Qc7 12. Qe2 h5 13. g5 h4 14. Rg1 Bc8 15. Nd2 Nb8 16. f4 Bxh3 17. f5 Qd7 18. Qf3 Bxf5 19. exf5 e4 20. Qxe4+ Be5 21. fxg6 h3 22. Nc4 h2 23. Rh1 Qh3 24. gxf7+ Kxf7 25. Nxe5+ dxe5 26. O-O-O Nd7 27. Qg6+ Ke7 28. Qg7+ Kd8 29. Bd2 Ne7 30. d6 Nc6 31. Bf5 Qxf5 32. Qxh8+ Nf8 33. Rxh2 Nd4 34. Be3 Nf3 35. Rf2 e4 36. Nd5 Kd7 37. Nxb6+ Kc6 38. Nxa8 Ng6 39. Qg8 Nf4 40. Qb8 Nd3+ 41. cxd3 1-0


[Site "https://www.chess.com"]

[Event "Titled Tuesday Blitz January 17 Late 2023"]
[White "Bambino Filho, Antonio Carlos"]
[Black "Vovk, Orest"]
[WhiteFideId "2113163"]
[BlackFideId "14113490"]
[WhiteElo "2144"]
[BlackElo "2315"]
[Result "1-0"]
[Round "10"]
[TimeControl "180+2"]
[Date "2023.01.17"]
[WhiteClock "0:01:02"]
[BlackClock "0:01:12"]

1. e4 g5 2. d4 g4 3. Bc4 Bg7 4. Ne2 h5 5. O-O c5 6. c3 Nc6 7. Be3 cxd4 8. cxd4 d6 9. Nbc3 Nf6 10. Ng3 h4 11. Nf5 Bxf5 12. exf5 h3 13. g3 Bh6 14. Qb3 Bxe3 15. fxe3 Na5 16. Bxf7+ Kf8 17. Qe6 Qc8 18. Qxc8+ Rxc8 19. Be6 Rc6 20. Rac1 Nc4 21. Bxc4 Rxc4 22. Nb5 Rxc1 23. Rxc1 Kf7 24. Rc7 Ne4 25. Nc3 Nd2 26. Nd5 Nf3+ 27. Kh1 Rh5 28. Rxe7+ Kf8 29. e4 Nxd4 30. Rxb7 Nxf5 31. exf5 Rxf5 32. Nf4 Re5 33. Ng6+ 1-0


[Site "https://www.chess.com"]

[Event "Titled Tuesday Blitz January 17 Late 2023"]
[White "Gatterer, Florian"]
[Black "Graif, William"]
[WhiteFideId "811688"]
[BlackFideId "2609835"]
[WhiteElo "2170"]
[BlackElo "2304"]
[Result "0-1"]
[Round "10"]
[TimeControl "180+2"]
[Date "2023.01.17"]
[WhiteClock "0:00:02"]
[BlackClock "0:00:22"]

1. c4 a6 2. Nf3 e6 3. g3 d5 4. b3 d4 5. Bb2 Nc6 6. Bg2 e5 7. d3 Nf6 8. O-O Bd6 9. e3 Be7 10. exd4 exd4 11. h3 O-O 12. a3 a5 13. Nbd2 Bf5 14. Qc2 Qd6 15. Nh4 Be6 16. Nhf3 Rad8 17. Rfe1 h6 18. Ne4 Nxe4 19. Rxe4 Bf6 20. Re2 Rfe8 21. Rae1 Re7 22. Nd2 Bf5 23. Rxe7 Bxe7 24. Ne4 Qd7 25. Kh2 Re8 26. Qd2 Ne5 27. Qd1 b6 28. g4 Bg6 29. f4 Nc6 30. f5 Bh7 31. Kh1 Ne5 32. Bc1 Bh4 33. Rf1 f6 34. b4 axb4 35. axb4 Qc8 36. c5 Qa6 37. cxb6 cxb6 38. Nd6 Rd8 39. Bd5+ Kf8 40. Bc4 Nxc4 41. Nxc4 Qb7+ 42. Qf3 Qxf3+ 43. Rxf3 Bg8 44. Bf4 Bd5 45. Kg2 Re8 46. Bd6+ Kg8 47. Kf1 Bxf3 0-1


[Site "https://www.chess.com"]